 Dungeon Crawl Stone Soup version 0.19.0 (webtiles) character file.

106 kraedy the Cudgeler (level 4, 0/28 HPs)
             Began as a Gargoyle Fighter on Nov 1, 2016.
             Killed from afar by an orc wizard (7 damage)
             ... with a magic dart
             ... on level 3 of the Dungeon.
             The game lasted 00:04:55 (2245 turns).

kraedy the Cudgeler (Gargoyle Fighter)              Turns: 2245, Time: 00:04:56

Health: 0/28       AC: 13    Str: 20    XL:     4   Next: 84%
Magic:  4/4        EV:  7    Int:  9    God:
Gold:   120        SH:  9    Dex:  9    Spells: 0 memorised, 3 levels left

rFire  . . .     SeeInvis .     g - +0 whip
rCold  . . .     Gourm    .     b - +0 scale mail
rNeg   + . .     Faith    .     c - +0 shield
rPois  ∞         Spirit   .     m - +2 helmet
rElec  +         Reflect  .     (no cloak)
rCorr  .         Harm     .     (no gloves)
MR     .....                    (no boots)
Stlth  ..........               (no amulet)
                                (no ring)
                                (no ring)

@: no status effects
A: negative energy resistance 1, electricity resistance, unbreathing,
petrification resistance, rot immunity, AC +3
a: no special abilities


You were on level 3 of the Dungeon.
You were hungry.

You visited 1 branch of the dungeon, and saw 3 of its levels.

You collected 120 gold pieces.

Inventory:

Hand Weapons
 g - a +0 whip (weapon)
Missiles
 n - 60 arrows
Armour
 b - a +0 scale mail (worn)
 c - a +0 shield (worn)
 m - a +2 helmet (worn)
Scrolls
 e - 2 scrolls of noise
Potions
 j - a potion of curing
 o - a potion of mutation {unknown}
Comestibles
 a - a chunk of flesh
 f - 2 bread rations
 h - 2 beef jerkies
 i - 3 fruits
 l - a royal jelly
 p - 2 meat rations


   Skills:
 - Level 3.4 Fighting
 + Level 4.7 Maces & Flails
 - Level 3.3 Armour
 - Level 3.3 Shields


You had 3 spell levels left.
You didn't know any spells.

Dungeon Overview and Level Annotations

Branches:
Dungeon (3/15)

Altars:
Ashenzari
Zin
The Shining One


Innate Abilities, Weirdness & Mutations

You are resistant to torment.
Your stone body is resilient. (AC +3)
You are immune to poison.
You resist negative energy. (rN+)
You are resistant to electric shocks. (rElec)
You can survive without breathing.
You are immune to petrification.
You are immune to rotting.


Message History

Your shield and scale mail prevent you from hitting the orc.
The orc hits you but does no damage.
The orc wizard gestures wildly while chanting.
The orc wizard seems to speed up.
Your shield and scale mail prevent you from hitting the orc.
The orc hits you.
* * * LOW HITPOINT WARNING * * *
You hit the orc.
The orc is severely wounded.
The orc wizard casts a spell.
The orc wizard blinks!
The orc hits you but does no damage.
You hit the orc.
You kill the orc!
You see here a leather armour.
You hit the orc wizard.
The orc wizard is moderately wounded.
You block the orc wizard's attack.
The orc wizard gestures at you while chanting.
The magic dart hits you!
You die...

#.#..##.# #.....#
#....... #.#.))(.#
#.....#######.##..#.
#.#.#####
#.....()).....###.# #.#.#
##....######### ... #.#.#
#....# #.. #.#.# ######
.> ## #...# ########.. ..
.#
################.........
. .#
#............@ooo###+###.
.# #.##############.#
.###.# #.o..# .....#
#.##o+ ###### #.#.o#
#....# ###..###+###.
#.......... #####.#.#..


You could see an orc priest, an orc wizard and an orc.

Vanquished Creatures
  An orc wizard (D:3)
  2 adders
  An ooze (D:1)
  A dart slug (D:1)
  2 leopard geckos
  3 orcs (D:3)
  2 giant cockroaches
  6 goblins
  6 hobgoblins
  2 ball pythons
  5 bats
  7 frilled lizards
  10 kobolds
  6 rats
54 creatures vanquished.

Notes
Turn   | Place    | Note
-------+----------+-------------------------------------------
     0 | D:1      | kraedy the Gargoyle Fighter began the quest for the Orb.
     0 | D:1      | Reached XP level 1. HP: 14/14 MP: 1/1
   233 | D:1      | Found a glowing golden altar of the Shining One.
   255 | D:1      | Reached XP level 2. HP: 16/19 MP: 2/2
   432 | D:1      | Reached skill level 3 in Maces & Flails
   499 | D:1      | Reached XP level 3. HP: 23/23 MP: 3/3
  1127 | D:2      | Found a shattered altar of Ashenzari.
  1497 | D:3      | Found a glowing silver altar of Zin.
  1637 | D:3      | Reached skill level 4 in Maces & Flails
  1637 | D:3      | Reached XP level 4. HP: 7/28 MP: 4/4
  2245 | D:3      | Killed from afar by an orc wizard

Skill      XL: |  1  2  3 |
---------------+----------+-----
Maces & Flails | 3 4 |  4.7
Fighting       | |  3.4
Armour         | |  3.3
Shields        | |  3.3

Action                   |  1- 3 |  4- 6 || total
-------------------------+-------+-------++-------
Melee: Flail             |     9 |       ||     9
       Whip              |   168 |    84 ||   252
  Use: Scroll            |     3 |     3 ||     6
       Potion            |     1 |     1 ||     2
  Eat: Chunk             |     2 |     2 ||     4
Armor: Scale mail        |    63 |    46 ||   109
Dodge: Dodged            |    47 |    13 ||    60
Block: Shield            |    77 |    40 ||   117
